 Dungeon Crawl Stone Soup version 0.14.0-15-g6b16f67 (webtiles) character file.

542 Qrupt the Insei (level 6, -1/38 HPs)
             Began as an Octopode Transmuter on Apr 17, 2014.
             Slain by a killer bee (10 damage)
             ... on Level 4 of the Dungeon.
             The game lasted 00:10:24 (4183 turns).

Qrupt the Insei (Octopode Transmuter)               Turns: 4183, Time: 00:10:25

HP  -1/38        AC  1     Str  9      XL: 6   Next: 70%
MP  13/14        EV 14     Int 15      God:
Gold 171         SH  0     Dex 15      Spells:  2 memorised,  8 levels left

rFire  . . .     SeeInvis .       - Unarmed
rCold  . . .     Clarity  .     (no shield)
rNeg   . . .     Conserve .     (helmet restricted)
rPois  .         rCorr    .     (no amulet)
rElec  .         rRot     .     (no ring)
SustAb . .       Spirit   .     (no ring)
rMut   .         Warding  .     (no ring)
Saprov . . .     Stasis   .     (no ring)
MR     .....                    (no ring)
                                (no ring)
                                (no ring)
                                (no ring)

@: appendage, lethally poisoned, not resistant to hostile enchantments, fairly
stealthy
A: almost no armour, amphibious, 8 rings, constrict 8, tentacle spike 3,
camouflage 1, gelatinous body 1
a: End Transformation


You were on level 4 of the Dungeon.
You were hungry.
One of your tentacles had a temporary spike.
You visited 1 branch of the dungeon, and saw 4 of its levels.

You collected 171 gold pieces.

Inventory:

Missiles
 b - 12 arrows
Comestibles
 a - 3 bread rations
 c - 3 meat rations
 h - 3 apples
 i - a choko
 z - a chunk of orc flesh
Scrolls
 g - 2 scrolls of remove curse {unknown}
 j - 3 scrolls of enchant weapon I {unknown}
 l - 2 scrolls of random uselessness {unknown}
 m - 2 scrolls of fog {unknown}
 n - 2 scrolls of enchant armour {unknown}
 o - a scroll of enchant weapon II {unknown}
 p - 2 scrolls of teleportation {unknown}
 s - a scroll of fear {unknown}
 v - a scroll of magic mapping {unknown}
 w - 2 scrolls of recharging {unknown}
 x - a scroll of identify {unknown}
Potions
 e - a potion of confusion {unknown}
 f - a potion of invisibility {unknown}
 k - a potion of restore abilities {unknown}
 q - a potion of paralysis {unknown}
 r - a potion of heal wounds {unknown}
 t - a potion of curing {unknown}
 u - a potion of brilliance {unknown}
Books
 d - a book of Changes

   Spells                             Type                      Level
   *Beastly Appendage                 Transmutation                1
   Sticks to Snakes                   Transmutation                2
   *Spider Form                       Transmutation/Poison         3
   Ice Form                           Ice/Transmutation            4
   Blade Hands                        Transmutation                5


   Skills:
 - Level 1.0 Fighting
 + Level 3.6 Dodging
 + Level 4.4 Unarmed Combat
 + Level 3.8 Spellcasting
 + Level 3.5 Transmutations


You had 8 spell levels left.
You knew the following spells:

 Your Spells              Type           Power        Failure   Level  Hunger
a - Beastly Appendage     Trmt           ##....       4%          1    None
b - Spider Form           Trmt/Pois      #.........   30%         3    ###....


Dungeon Overview and Level Annotations

Branches:
Dungeon (4/15)
 Temple: D:4-7

Altars:
Kikubaaqudgha
Okawaru
Sif Muna

Annotations:
D:3 exclusion: door


Innate Abilities, Weirdness & Mutations

You cannot wear most types of armour.
You are amphibious.
You can wear up to eight rings at the same time.*
You can use your tentacles to constrict many enemies at once.*
Your skin changes colour to match your surroundings (Stlth).*
Your rubbery body absorbs attacks (AC +1).*
One of your tentacles bears a large vicious spike.*


Message History

You hit the killer bee. Your grab misses the killer bee.
You squeeze the killer bee.
The killer bee is heavily wounded.
The killer bee stings you.
You hit the killer bee. You grab the killer bee.
Your tentacle spike misses the killer bee.
Your squeeze misses the killer bee.
The killer bee is severely wounded.
You constrict the killer bee. The killer bee stings you!
You are poisoned.
The killer bee poisons you! The killer bee stings you!
* * * LOW HITPOINT WARNING * * *
Drink which item? (? for menu, Esc to quit)
Okay, then.
You hit the killer bee. You squeeze the killer bee.
The killer bee is almost dead.
You constrict the killer bee.
* * * LOW HITPOINT WARNING * * *
You feel sick. The killer bee stings you!
You die...

##### ###....## ........# #.....#
.#######@# ........k.# .####...##
#....# ####....# ### #.......#
#####
..#######...#...#######...#######
.......%.........................
..........%......................


You could see a killer bee.

Vanquished Creatures
  An ogre (D:4)
  2 iguanas (D:4)
  2 orc priests
  An orc wizard (D:4)
  A giant mite (D:2)
  5 adders (D:2)
  2 worms
  2 giant geckos
  An ooze (D:1)
  10 orcs
  3 ball pythons
  A bat skeleton (D:4)
  8 hobgoblins
  4 quokkas
  10 bats
  4 giant cockroaches
  5 giant newts
  5 goblins
  A hobgoblin skeleton (D:3)
  7 kobolds
  11 rats
86 creatures vanquished.

Notes
Turn   | Place    | Note
--------------------------------------------------------------
     0 | D:1      | Qrupt, the Octopode Transmuter, began the quest for the Orb.
     0 | D:1      | Reached XP level 1. HP: 13/13 MP: 3/3
   149 | D:1      | Reached XP level 2. HP: 2/18 MP: 5/5
  1027 | D:2      | Reached XP level 3. HP: 17/23 MP: 6/6
  1630 | D:2      | Reached XP level 4. HP: 17/28 MP: 8/8
  1870 | D:2      | Found an iron altar of Okawaru.
  2351 | D:4      | Learned a level 3 spell: Spider Form
  2365 | D:3      | Reached XP level 5. HP: 25/33 MP: 11/11
  2444 | D:3      | HP: 1/33 [orc/runed short sword (3)]
  2859 | D:3      | Found an ancient bone altar of Kikubaaqudgha.
  2897 | D:3      | Found a deep blue altar of Sif Muna.
  3590 | D:4      | Noticed an ogre
  3601 | D:4      | Killed an ogre
  3601 | D:4      | Reached skill level 4 in Unarmed Combat
  3601 | D:4      | Reached XP level 6. HP: 38/38 MP: 9/13
  4183 | D:4      | Slain by a killer bee

Action                   |  1- 3 |  4- 6 || total
-------------------------+-------+-------++-------
Melee: Unarmed           |    75 |   147 ||   222
 Cast: Beastly Appendage |     6 |    11 ||    17
       Spider Form       |       |     5 ||     5
 Stab: Sleeping          |     1 |     4 ||     5
